AoeStats
← Jazzmushroom

Runestones

507200641Analyzed
1v1 RM · 15d ago on Sep 17, 2026· 19m 38s· 2 players
Game mode
Random Map
Map size
Tiny (2 player)
Population
200
Speed
Normal
Resources
Standard
Victory
Conquest
Starting age
Dark Age
Ending age
Imperial Age
RankedLock teamsTeams togetherTeam positionsShared explorationLock speedFull tech treeHidden civsTurbo modeCheats
Victory
Defeat
🇨🇳 Franks · China
1463
+15
🇺🇸 Burmese · United States
1443
-15
Jazzmushroom
8:26 Loom
12:55 Feudal Age
19:54 Castle Age
Templar
5:45 Loom
6:41 Loom
8:54 Feudal Age
9:35 Double-Bit Axe
19:00 Castle Age
17:36 Forging
19:53 Bow Saw
19:53 Scale Barding Armor
20:17 Husbandry
Connection lost

Rejoining the realm…

Still unreachable

The connection could not be restored.

Session expired

The server has moved on; the page needs a fresh start.